 Dungeon Crawl Stone Soup version 0.18-a0-845-gc59c8fa (webtiles) character file.

271099 Proton the Wrestler (level 20, -1/89 HPs)
             Began as a Vine Stalker Monk on Dec 20, 2015.
             Was the Champion of Ru.
             Hit by a large rock thrown by a stone giant (27 damage)
             ... on level 3 of the Vaults.
             The game lasted 01:47:18 (35228 turns).

Proton the Wrestler (Vine Stalker Monk)            Turns: 35228, Time: 01:47:18

Health: -1/89      AC: 24    Str: 23    XL:     20   Next: 22%
Magic:  0/21       EV: 17    Int: 10    God:    Ru [******]
Gold:   2777       SH:  0    Dex: 17    Spells: 1 memorised, 13 levels left

rFire  + . .     SeeInvis .       - Unarmed
rCold  + . .     Gourm    .     E - +7 chain mail of Kaidag {rC+ rN+ Slay+2}
rNeg   + . .     Faith    .     (no shield)
rPois  +         Spirit   +     a - +0 hat
rElec  .         Dismiss  .     n - +1 cloak
rCorr  +         Reflect  .     e - +2 pair of gloves of the Great Game {rPois MR- rCorr Slay+5}
SustAt .         Harm     .     F - +0 pair of boots {run}
MR     ++...                    N - amulet of regeneration
Stlth  ..........               c - ring of protection from fire
                                Y - ring of protection from magic

@: marked, no potions, quick, very resistant to hostile enchantments, extremely
unstealthy
A: antennae 2, fangs 3, icy blue scales 1, blink, deformed body, frail 2, sense
surroundings 1, regeneration 3, wild magic 1, magic shield, antimagic bite, no
device heal 3, rot immunity, inability to drink while threatened, no stealth,
inability to use devices, hated by all, no conjurations magic, no ice magic, no
necromancy magic
a: Blink, Draw Out Power, Power Leap, Apocalypse, Renounce Religion
}: 2/15 runes: decaying, gossamer


You were on level 3 of the Vaults.
You worshipped Ru.
Ru was exalted by your worship.
You were not hungry.

You visited 7 branches of the dungeon, and saw 37 of its levels.
You also visited: Labyrinth, Ice Cave and Volcano.

You collected 3694 gold pieces.
You spent 917 gold pieces at shops.

Inventory:

Hand Weapons
 M - the +7 blowgun of Causality {speed, rElec rPois Stlth+}
   (You found it on level 5 of the Lair of Beasts)

   Attacks with this weapon are significantly faster.
   It insulates you from electricity.
   It protects you from poison.
   It makes you more stealthy.
Missiles
 v - 83 poisoned needles
Armour
 a - a +0 hat (worn)
 e - the +2 pair of gloves of the Great Game (worn) {rPois MR- rCorr Slay+5}
   (You acquired it on level 8 of the Lair of Beasts)

   It affects your accuracy and damage with ranged weapons and melee attacks
   (+5).
   It protects you from poison.
   It affects your resistance to hostile enchantments.
   It protects you from acid and corrosion.
 n - a +1 cloak (worn)
 E - the +7 chain mail of Kaidag (worn) {rC+ rN+ Slay+2}
   (You took it off an orc on level 6 of the Dungeon)

   It affects your accuracy and damage with ranged weapons and melee attacks
   (+2).
   It protects you from cold.
   It protects you from negative energy.
 F - a +0 pair of boots of running (worn)
 L - the cursed +1 robe of Lilacs {MR++ Int+3 Dex+7}
   (You bought it in a shop on level 2 of the Orcish Mines)

   It affects your intelligence (+3).
   It affects your dexterity (+7).
   It affects your resistance to hostile enchantments.
   It has a curse placed upon it.
 T - the +7 scale mail "Foutan" {+Inv rC+ Str+3 Dex+4}
   (You found it on level 13 of the Dungeon)

   It affects your strength (+3).
   It affects your dexterity (+4).
   It protects you from cold.
   It lets you turn invisible.
Jewellery
 c - a ring of protection from fire (right hand)
 o - an uncursed ring of protection from cold
 N - an amulet of regeneration (around neck)
 W - the ring of the Amoeba {Ice rElec Str-5 Slay+3}
   (You found it in an ice cave)

   [ring of ice]

   It enhances your ice magic, and weakens your fire magic.
   It affects your strength (-5).
   It affects your accuracy and damage with ranged weapons and melee attacks
   (+3).
   It makes you vulnerable to fire.
   It protects you from cold.
   It insulates you from electricity.
 Y - a ring of protection from magic (left hand)
Scrolls
 b - 8 scrolls of magic mapping
 d - 11 scrolls of remove curse
 f - 3 scrolls of fog
 h - 4 scrolls of noise
 j - a scroll of brand weapon
 k - 4 scrolls of amnesia
 l - 7 scrolls of fear
 r - 10 scrolls of teleportation
 y - 3 scrolls of holy word
 z - 10 scrolls of enchant armour
 B - 3 scrolls of blinking
 H - 7 scrolls of immolation
 I - 4 scrolls of enchant weapon
 O - a scroll of vulnerability
 Q - 6 scrolls of identify
 X - a scroll of torment
Potions
 g - 14 potions of curing
 m - 5 potions of ambrosia
 q - 3 potions of invisibility
 s - 5 potions of cure mutation
 t - 3 potions of agility
 u - 2 potions of cancellation
 w - a potion of haste
 A - 9 potions of brilliance
 C - a potion of might
 G - 4 potions of flight
 J - 7 potions of berserk rage
 R - 3 potions of resistance
 S - 4 potions of magic
 U - 4 potions of lignification
 V - 3 potions of heal wounds
Comestibles
 i - a slice of pizza
 p - a beef jerky
 x - 14 fruits
 D - 15 bread rations


   Skills:
 + Level 14.9 Fighting
 + Level 13.5 Armour
 + Level 13.8 Dodging
 * Level 21.4 Unarmed Combat


You had 13 spell levels left.
You knew the following spells:

 Your Spells              Type           Power        Failure   Level  Hunger
a - Statue Form           Trmt/Erth      #........    100%        6    #######


Dungeon Overview and Level Annotations

Branches:
Dungeon (15/15)            Temple (1/1) D:5            Lair (8/8) D:9
  Swamp (4/4) Lair:4       Spider (4/4) Lair:5        Slime (0/6) Lair:6
    Orc (2/2) D:10            Elf (0/3) Orc:2        Vaults (3/5) D:13
  Crypt (0/3) Vaults:2     Depths (0/5) D:15

Altars:
Ashenzari
Cheibriados
Dithmenos
Elyvilon
Fedhas
Gozag
Kikubaaqudgha
Makhleb
Nemelex Xobeh
Okawaru
Pakellas
Qazlal
Ru
Sif Muna
Trog
Vehumet
Xom
Yredelemnul
Zin
The Shining One
Beogh

Shops:
D:5 *   Orc:2 [*}(

Portals:
Hell: Lair:8


Innate Abilities, Weirdness & Mutations

You have razor-sharp teeth.
You regenerate.
When hurt, damage is shared between your health and your magic reserves.
Your bite disrupts and absorbs the magic of your enemies.
Potions and wands cannot restore your health.
You are immune to rotting.
You cannot drink potions while threatened.
You cannot be stealthy.
You cannot study or use magical devices.
You are hated by all.
You cannot study or cast Conjurations magic.
You cannot study or cast Ice magic.
You cannot study or cast Necromancy magic.
You have a pair of antennae on your head.
You are partially covered in icy blue scales (AC +1).
You can translocate small distances at will.
Armour fits poorly on your strangely shaped body.
You are very frail (-20% HP).
You passively map a small area around you.
Your spells are a little harder to cast, but a little more powerful.


Message History

You hit the stone giant but do no damage.
You bite the stone giant! You drain its power.
The stone giant is severely wounded.
The ogre mage gestures wildly while chanting.
The ogre mage blinks!
The stone giant hits you!!
You feel threatened and lose the ability to drink potions!
You redirect the boggart's attack!
A stone giant comes into view.
The vault sentinel blows a loud note on a signal horn!
You hear a shout!
You hear a shout! x3
The stone giant hits you but does no damage.
The stone giant hits you! The stone giant barely misses you.
The stone giant throws a large rock.
The large rock hits you!!
* * * LOW HITPOINT WARNING * * *
You focus your will and illuminate the stone giant in retribution!
You see here a large rock.
The stone giant throws a large rock.
The large rock hits you!!
You die...

#..).##....###p###* *
##...##.....#...## , ,
†))..##)....####.## ,
#######........##g## , ,
#######.......##p..## , ,,
..#..........##..C..# ,
..#..........#..C..##,, ,
..#..........##.(.##, , *
..#...........##@## , ,
..#....(.......##.####, ,
, ..#.............##...#,
,
[.#..............#'###...
, ,
'##.......................
,
..........................
..........................
..........................
+############+############


You could see 2 stone giants, a wizard and a boggart.

Vanquished Creatures
  Nikola (Vaults:1)
  A lich (Vaults:2)
  Rupert (D:15)
  Gastronok (Lair:2)
  A thorn hunter (Swamp:1)
  Roxanne (Spider:1)
  2 frost giants
  Maud (Lair:6)
  2 deep elf sorcerers
  3 ghost moths (Spider:4)
  4 emperor scorpions
  Aizul (Vaults:1)
  4 ironheart preservers
  3 stone giants
  5 very ugly things
  Nessos (Lair:6)
  A salamander stormcaller (Vaults:3)
  2 dire elephants (Lair:8)
  Azrael (Spider:3)
  3 spark wasps
  2 green deaths (Swamp:4)
  A death ooze (Swamp:4)
  A vault guard (D:13)
  4 deep elf death magi
  2 ettins
  3 yaktaur captains
  A minotaur (Lab)
  2 great orbs of eyes (Vaults:2)
  A fire dragon (Vaults:3)
  14 hydras
  6 centaur warriors
  2 rakshasas
  2 hell beasts (Swamp:4)
  2 ghost crabs (Swamp:3)
  5 entropy weavers
  5 ogre magi
  12 alligators
  A deep troll earth mage (Vaults:2)
  4 death yaks (IceCv)
  5 orc high priests
  Urug (D:13)
  2 deep elf knights
  A spriggan berserker (Swamp:2)
  3 shadow wraiths (Vaults:2)
  2 skeletal warriors (D:15)
  5 unseen horrors
  4 spriggan druids
  2 deep trolls (Vaults:2)
  3 wizards
  7 swamp dragons
  A lindwurm (Lair:8)
  2 deep elf archers (Vaults:2)
  6 hill giants
  2 griffons (Lair:8)
  A wolf spider zombie (D:14)
  12 hornets
  7 ironbrand convokers
  15 orc knights
  29 wolf spiders
  16 orb spiders
  7 deep elf magi
  9 orc sorcerers
  4 manticores
  A sixfirhy (Lair:8)
  4 moths of wrath
  An elephant (shapeshifter) (D:15)
  3 centaur zombies
  5 cyclopes
  33 ugly things
  3 necromancers (D:13)
  A molten gargoyle (Volcano)
  A smoke demon (Lair:8)
  An ice statue (IceCv)
  2 toenail golems (Volcano)
  7 black mambas
  5 vault sentinels
  3 gargoyles
  A torpor snail (shapeshifter) (D:15)
  3 torpor snails
  15 spiny frogs
  An efreet (Volcano)
  4 orange demons
  A yaktaur (shapeshifter) (D:15)
  5 demonic crawlers
  12 yaktaurs
  3 kobold demonologists
  5 fire drakes
  6 ice devils (Lair:8)
  9 trolls
  A freezing wraith (Vaults:2)
  8 komodo dragons
  A red devil (Lair:8)
  A hellwing (Lair:8)
  2 minotaur zombies (Lab)
  15 polar bears
  5 boulder beetles
  30 jumping spiders
  6 giant leeches
  13 blink frogs
  34 slime creatures
  6 two-headed ogres
  8 bog bodies
  Grinder (D:3)
  A small abomination (Swamp:4)
  26 trapdoor spiders
  2 vampires
  85 yaks
  23 tarantellas
  A wraith (D:15)
  7 wyverns
  17 spriggans
  3 shadows
  2 hungry ghosts
  18 redbacks
  5 basilisks
  A tarantella (shapeshifter) (Vaults:2)
  2 human simulacra
  21 humans
  5 hippogriffs
  2 mottled dragons
  9 wargs
  35 wolves
  Menkaure (D:6)
  4 fire elementals
  14 insubstantial wisps
  21 vampire mosquitoes
  19 water moccasins
  25 swamp worms
  42 orc warriors
  Duvessa (D:5)
  10 porcupines
  3 swamp drakes
  6 black bears
  16 ogres
  2 phantoms
  5 ice beasts
  4 sky beasts
  17 wasps
  4 hell hounds
  A large abomination (Swamp:4)
  11 boggarts
  16 centaurs
  18 crocodiles
  A necrophage (D:13)
  Blork the orc (D:6)
  2 big kobolds
  Dowan (D:5)
  2 gnoll sergeants
  A killer bee (shapeshifter) (D:13)
  23 giant frogs
  A water moccasin zombie (D:7)
  17 killer bees
  8 scorpions
  7 wights
  3 electric eels
  7 crimson imps
  A giant frog zombie (D:11)
  31 orc priests
  2 quasits (D:12)
  A jelly (D:12)
  A lava snake (Volcano)
  3 centaur skeletons
  Crazy Yiuf (D:7)
  5 hounds
  13 iguanas
  29 orc wizards
  3 giant frog skeletons
  Terence (D:2)
  A gnoll shaman (D:4)
  13 worker ants
  A statue (D:6)
  30 sheep
  A hound zombie (D:8)
  11 adders
  17 gnolls
  15 river rats
  A white imp (Vaults:2)
  3 oozes
  An adder skeleton (D:4)
  An adder zombie (D:7)
  5 giant geckos
  106 orcs
  2 ball pythons
  A giant cockroach (D:3)
  5 hobgoblins
  10 jackals
  12 kobolds
  9 quokkas
  7 bats
  4 giant newts
  6 goblins
  A jackal zombie (D:8)
  3 rats (D:2)
  A fire vortex (Volcano)
  2 fungi
1460 creatures vanquished.

Vanquished Creatures (others)
  A ghost moth (Spider:4)
  A hydra (Lair:6)
  A skeletal warrior (D:15)
  A deep troll (Vaults:2)
  A harpy (shapeshifter) (Vaults:1)
  2 jumping spiders
  A giant leech (Swamp:3)
  A bog body (Swamp:4)
  A blink frog (Lair:8)
  A trapdoor spider (Spider:3)
  A tarantella (Spider:3)
  A yak (IceCv)
  A swamp worm (Swamp:3)
  A porcupine (Lair:8)
  A wasp (Swamp:3)
  An orc warrior (Orc:2)
  An ogre (D:5)
  A centaur skeleton (D:5)
  6 orcs
  A kobold (D:14)
  2 fungi
28 creatures vanquished.

Grand Total: 1488 creatures vanquished

Notes
Turn   | Place    | Note
--------------------------------------------------------------
     0 | D:1      | Proton the Vine Stalker Monk began the quest for the Orb.
     0 | D:1      | Reached XP level 1. HP: 11/11 MP: 2/2
   100 | D:1      | Reached XP level 2. HP: 14/16 MP: 3/3
   758 | D:2      | Noticed Terence
   768 | D:2      | Killed Terence
   768 | D:2      | Reached XP level 3. HP: 16/20 MP: 4/4
  1055 | D:2      | Found a glowing golden altar of the Shining One.
  1079 | D:2      | Found a burning altar of Makhleb.
  1086 | D:2      | Reached XP level 4. HP: 24/24 MP: 5/5
  1607 | D:3      | Reached skill level 1 in Armour
  1939 | D:3      | Noticed Grinder
  2047 | D:3      | Paralysed by Grinder for 3 turns
  2052 | D:3      | Killed Grinder
  2052 | D:3      | Reached skill level 5 in Unarmed Combat
  2052 | D:3      | Reached XP level 5. HP: 5/28 MP: 6/6
  2052 | D:3      | Gained mutation: You heal very quickly. [Vine Stalker growth]
  2052 | D:3      | Reached XP level 6. HP: 5/32 MP: 7/7
  2585 | D:4      | Reached skill level 6 in Unarmed Combat
  2627 | D:4      | Reached XP level 7. HP: 37/37 MP: 8/8
  3107 | D:5      | Entered Level 5 of the Dungeon
  3117 | D:5      | Identified a +2 rod of destruction (13/13) (You found it on level 5 of the Dungeon)
  3168 | D:5      | Noticed Duvessa
  3182 | D:5      | Noticed Dowan
  3216 | D:5      | Killed Duvessa
  3315 | D:5      | Found Datadgh's General Store.
  3425 | D:5      | Found a staircase to the Ecumenical Temple.
  3438 | D:5      | Reached skill level 7 in Unarmed Combat
  3438 | D:5      | Gained mutation: You have razor-sharp teeth. [Vine Stalker growth]
  3438 | D:5      | Reached XP level 8. HP: 37/42 MP: 9/9
  3445 | Temple   | Entered the Ecumenical Temple
  3509 | Temple   | Became a worshipper of Ru the Awakened
  3521 | Temple   | Gained mutation: You cannot drink potions while threatened. [Ru sacrifice]
  3521 | Temple   | Reached * piety under Ru
  3549 | D:5      | Found an iron altar of Okawaru.
  3614 | D:5      | Found a basalt altar of Yredelemnul.
  3673 | D:5      | Found a white marble altar of Elyvilon.
  3874 | D:5      | Found a stormy altar of Qazlal.
  3919 | D:5      | Found a blossoming altar of Fedhas.
  3982 | D:5      | Killed Dowan
  4020 | D:5      | Reached skill level 5 in Fighting
  4020 | D:5      | Reached skill level 8 in Unarmed Combat
  4145 | D:6      | Found a radiant altar of Vehumet.
  4222 | D:6      | Noticed Menkaure
  4250 | D:6      | Killed Menkaure
  4250 | D:6      | Reached XP level 9. HP: 30/47 MP: 5/10
  4489 | D:6      | Got a pitted chain mail
  4501 | D:6      | Identified the +7 chain mail of Kaidag {rC+ rN+ Slay+2} (You took it off an orc on level 6 of the Dungeon)
  4551 | D:6      | Noticed Blork the orc
  4561 | D:6      | Killed Blork the orc
  4843 | D:6      | Reached skill level 5 in Dodging
  5051 | D:7      | Reached skill level 9 in Unarmed Combat
  5245 | D:7      | Noticed Crazy Yiuf
  5249 | D:7      | Killed Crazy Yiuf
  5260 | D:7      | Gained mutation: You are dopey. (Int -2) [potion of mutation]
  5260 | D:7      | Gained mutation: You have large cloven feet. [potion of mutation]
  5260 | D:7      | Gained mutation: Your muscles are strong. (Str +2) [potion of mutation]
  5964 | D:7      | Reached XP level 10. HP: 43/53 MP: 11/11
  6047 | D:8      | Reached skill level 5 in Armour
  6047 | D:8      | Reached skill level 10 in Unarmed Combat
  6389 | D:9      | Found a staircase to the Lair.
  7002 | D:10     | Entered Level 10 of the Dungeon
  7182 | D:10     | Found a staircase to the Orcish Mines.
  7247 | D:10     | Reached skill level 11 in Unarmed Combat
  7398 | D:10     | Gained mutation: You are hated by all. [Ru sacrifice]
  7398 | D:10     | Reached ** piety under Ru
  7574 | D:10     | Reached XP level 11. HP: 28/58 MP: 10/12
  8019 | D:11     | Noticed a hill giant
  8025 | D:11     | Killed a hill giant
  8228 | D:11     | Noticed a hill giant
  8237 | D:11     | Killed a hill giant
  8454 | D:11     | Noticed a hill giant
  8521 | D:11     | Killed a hill giant
  8521 | D:11     | Reached skill level 12 in Unarmed Combat
  8968 | D:12     | Gained mutation: You cannot study or use magical devices. [Ru sacrifice]
  8968 | D:12     | Reached *** piety under Ru
  8968 | D:12     | Reached **** piety under Ru
  8968 | D:12     | Reached ***** piety under Ru
  9146 | D:12     | Noticed a hill giant
  9155 | D:12     | Killed a hill giant
  9155 | D:12     | Gained mutation: You regenerate. [Vine Stalker growth]
  9155 | D:12     | Reached XP level 12. HP: 49/65 MP: 13/13
  9239 | D:12     | Noticed a centaur warrior
  9245 | D:12     | Killed a centaur warrior
  9580 | D:12     | Reached skill level 13 in Unarmed Combat
  9595 | D:13     | Noticed Urug
  9617 | D:13     | Killed Urug
  9655 | D:13     | Found a labyrinth entrance.
  9699 | D:13     | Gained mutation: Your muscles are very strong. (Str +4) [mutagenic meat]
  9700 | D:13     | Gained mutation: You are resistant to hostile enchantments. [mutagenic meat]
  9701 | D:13     | Lost mutation: You are dopey. (Int -2) [mutagenic meat]
  9702 | D:13     | Gained mutation: Your mind is acute. (Int +2) [mutagenic meat]
  9713 | Lab      | Entered a labyrinth
  9967 | Lab      | Noticed a minotaur
  9975 | Lab      | Killed a minotaur
 10234 | D:13     | Gained mutation: You cannot study or cast Ice magic. [Ru sacrifice]
 10234 | D:13     | Gained mutation: You cannot study or cast Necromancy magic. [Ru sacrifice]
 10234 | D:13     | Gained mutation: You cannot study or cast Conjurations magic. [Ru sacrifice]
 10264 | D:13     | Got a translucent scale mail
 10265 | D:13     | Reached XP level 13. HP: 38/70 MP: 14/14
 10314 | D:13     | Identified the +7 scale mail "Foutan" {+Inv rC+ Str+3 Dex+4} (You found it on level 13 of the Dungeon)
 10390 | D:13     | Gained mutation: You possess an exceptional clarity of mind. [mutagenic meat]
 10391 | D:13     | Gained mutation: Your magical capacity is low (-10% MP). [mutagenic meat]
 10393 | D:13     | Gained mutation: Your body sometimes deteriorates upon taking damage. [mutagenic meat]
 10394 | D:13     | Gained mutation: You are clumsy. (Dex -2) [mutagenic meat]
 10653 | D:13     | Reached skill level 14 in Unarmed Combat
 10683 | D:13     | Found a gate to the Vaults.
 10684 | D:13     | Noticed a vault guard
 10741 | D:13     | Gained mutation: You tend to lose your temper in combat. [mutagenic meat]
 10742 | D:13     | Lost mutation: You are resistant to hostile enchantments. [mutagenic meat]
 10743 | D:13     | Gained mutation: You are very clumsy. (Dex -4) [mutagenic meat]
 10780 | D:13     | Killed a vault guard
 11112 | D:14     | You fall through a shaft!
 11112 | D:15     | Entered Level 15 of the Dungeon
 11502 | D:14     | Reached skill level 10 in Fighting
 11521 | D:14     | Lost mutation: Your magical capacity is low (-10% MP). [mutagenic meat]
 11522 | D:14     | Gained mutation: Your magical capacity is low (-10% MP). [mutagenic meat]
 11866 | D:15     | Gained mutation: You cannot be stealthy. [Ru sacrifice]
 11866 | D:15     | Reached ****** piety under Ru
 12030 | D:15     | Reached skill level 15 in Unarmed Combat
 12030 | D:15     | Reached XP level 14. HP: 62/77 MP: 13/13
 12211 | D:15     | Noticed a storm dragon
 12516 | D:15     | Noticed Rupert
 12544 | D:15     | Killed Rupert
 12796 | D:15     | Lost mutation: You have large cloven feet. [mutagenic meat]
 12825 | D:15     | Lost mutation: Your mind is acute. (Int +2) [mutagenic meat]
 12827 | D:15     | Gained mutation: You passively map a small area around you. [mutagenic meat]
 12831 | D:15     | Found a staircase to the Depths.
 13119 | Lair:1   | Entered Level 1 of the Lair of Beasts
 14081 | Lair:2   | Noticed Gastronok
 14091 | Lair:2   | Killed Gastronok
 14091 | Lair:2   | Reached skill level 10 in Dodging
 15215 | Lair:3   | Got an ichor-stained rapier
 15216 | Lair:3   | Identified the +10 rapier "Vealurgh" {holy, rPois Int+3} (You found it on level 3 of the Lair of Beasts)
 15669 | Lair:4   | Found a staircase to the Swamp.
 15700 | Lair:4   | Reached skill level 16 in Unarmed Combat
 16288 | Lair:5   | Found a hole to the Spider Nest.
 16374 | Lair:5   | Found a frozen archway.
 16409 | IceCv    | Entered an ice cave
 16465 | IceCv    | Reached skill level 10 in Armour
 16518 | IceCv    | Reached XP level 15. HP: 79/82 MP: 14/14
 16824 | IceCv    | Noticed a frost giant
 16851 | IceCv    | Killed a frost giant
 16910 | IceCv    | Identified the Incunabulum of Excruciating Snow
 16912 | IceCv    | Got a slimy lead ring
 17145 | Lair:5   | Identified the ring of the Amoeba {Ice rElec Str-5 Slay+3} (You found it in an ice cave)
 17849 | Lair:6   | Noticed Maud
 17866 | Lair:6   | Killed Maud
 17873 | Lair:6   | Noticed Nessos
 17880 | Lair:6   | Killed Nessos
 18243 | Lair:5   | Got a translucent blowgun
 18244 | Lair:5   | Identified the +7 blowgun of Causality {speed, rElec rPois Stlth+} (You found it on level 5 of the Lair of Beasts)
 18517 | Lair:6   | Found a staircase to the Slime Pits.
 18738 | Lair:7   | Reached skill level 17 in Unarmed Combat
 19412 | Lair:8   | Entered Level 8 of the Lair of Beasts
 20047 | Lair:8   | Reached XP level 16. HP: 72/88 MP: 13/15
 20071 | Lair:8   | Found a burning altar of Makhleb.
 20166 | Lair:8   | Found a dark tunnel.
 20175 | Volcano  | Entered a volcano
 20182 | Volcano  | Identified a scroll of acquirement
 20534 | Volcano  | Found a burning altar of Makhleb.
 20557 | Volcano  | Lost mutation: Your body sometimes deteriorates upon taking damage. [mutagenic meat]
 20558 | Volcano  | Gained mutation: Armour fits poorly on your strangely shaped body. [mutagenic meat]
 20759 | Lair:8   | Got a pair of jewelled gloves
 20771 | Lair:8   | Identified the +2 pair of gloves of the Great Game {rPois MR- rCorr Slay+5} (You acquired it on level 8 of the Lair of Beasts)
 21017 | Lair:8   | Found a gateway to Hell.
 21915 | Orc:1    | Entered Level 1 of the Orcish Mines
 22049 | Orc:2    | Entered Level 2 of the Orcish Mines
 22591 | Orc:1    | Found a roughly hewn altar of Beogh.
 22826 | Orc:2    | Found a staircase to the Elven Halls.
 22889 | Orc:2    | Reached skill level 18 in Unarmed Combat
 23011 | Orc:2    | Found Amom's Weapon Emporium.
 23011 | Orc:2    | Found Elaom's Armour Emporium.
 23012 | Orc:2    | Found Dovon's Gadget Shop.
 23012 | Orc:2    | Found Jiarexi's General Store.
 23139 | Orc:2    | Bought a +0 pair of boots of running for 409 gold pieces
 23139 | Orc:2    | Bought the cursed +1 robe of Lilacs {MR++ Int+3 Dex+7} for 508 gold pieces
 23429 | Swamp:1  | Entered Level 1 of the Swamp
 23556 | Swamp:1  | Got a warped lajatang
 23558 | Swamp:1  | Identified the +6 lajatang of the Dungeon {antimagic, Dex+2} (You found it on level 1 of the Swamp)
 23994 | Swamp:1  | Noticed a thorn hunter
 24011 | Swamp:1  | Killed a thorn hunter
 25086 | Swamp:2  | Got a bloodstained arbalest
 25304 | Swamp:2  | Reached XP level 17. HP: 63/94 MP: 4/16
 26293 | Swamp:4  | Entered Level 4 of the Swamp
 26438 | Swamp:4  | Lost mutation: Your muscles are very strong. (Str +4) [mutagenic meat]
 26439 | Swamp:4  | Gained mutation: You are dopey. (Int -2) [mutagenic meat]
 26441 | Swamp:4  | Gained mutation: Your flesh is heat resistant. [mutagenic meat]
 27080 | Swamp:4  | Reached skill level 19 in Unarmed Combat
 27243 | Swamp:4  | Lost mutation: You are dopey. (Int -2) [potion of mutation]
 27578 | Swamp:4  | Gained mutation: Your spells are a little harder to cast, but a little more powerful. [mutagenic meat]
 27580 | Swamp:4  | Gained mutation: Your mind is acute. (Int +2) [mutagenic meat]
 27581 | Swamp:4  | Gained mutation: You can translocate small distances at will. [mutagenic meat]
 27584 | Swamp:4  | Gained mutation: Your spells are harder to cast, but more powerful. [mutagenic meat]
 27594 | Swamp:4  | Lost mutation: You are very clumsy. (Dex -4) [mutagenic meat]
 27652 | Swamp:4  | Got a decaying rune of Zot
 28234 | Spider:1 | Entered Level 1 of the Spider Nest
 28465 | Spider:1 | Reached XP level 18. HP: 87/100 MP: 14/17
 28488 | Spider:1 | Noticed Roxanne
 28534 | Spider:1 | Killed Roxanne
 28536 | Spider:1 | Identified Roxanne's Reference Book on Clay and Transmigration (You took it off Roxanne on level 1 of the Spider Nest)
 28545 | Spider:1 | Learned a level 6 spell: Statue Form
 29914 | Spider:3 | Noticed Azrael
 29924 | Spider:3 | Killed Azrael
 30823 | Spider:4 | Entered Level 4 of the Spider Nest
 30906 | Spider:4 | Reached skill level 20 in Unarmed Combat
 31681 | Spider:4 | Lost mutation: Armour fits poorly on your strangely shaped body. [mutagenic meat]
 31974 | Spider:4 | Reached XP level 19. HP: 106/106 MP: 18/18
 31978 | Spider:4 | Lost mutation: You tend to lose your temper in combat. [mutagenic meat]
 31979 | Spider:4 | Gained mutation: Your magical capacity is very low (-20% MP). [mutagenic meat]
 31981 | Spider:4 | Lost mutation: Your magical capacity is very low (-20% MP). [mutagenic meat]
 31982 | Spider:4 | Lost mutation: Your magical capacity is low (-10% MP). [mutagenic meat]
 31984 | Spider:4 | Lost mutation: You passively map a small area around you. [mutagenic meat]
 32029 | Spider:4 | Got a gossamer rune of Zot
 32437 | Vaults:1 | Entered Level 1 of the Vaults
 32506 | Vaults:1 | Noticed Nikola
 32517 | Vaults:1 | Killed Nikola
 32539 | Vaults:1 | Got a pair of scorched gloves
 32593 | Vaults:1 | Identified the +0 pair of gloves of the Harvest {Int+6} (You took it off Nikola on level 1 of the Vaults)
 32740 | Vaults:1 | Noticed Aizul
 32755 | Vaults:1 | Killed Aizul
 32759 | Vaults:1 | Lost mutation: You are clumsy. (Dex -2) [mutagenic meat]
 32760 | Vaults:1 | Gained mutation: Armour fits poorly on your strangely shaped body. [mutagenic meat]
 32763 | Vaults:1 | Gained mutation: You are somewhat resistant to further mutation. [mutagenic meat]
 33474 | Vaults:1 | Lost mutation: You are somewhat resistant to further mutation. [mutagenic meat]
 34001 | Vaults:2 | Gained mutation: Your body sometimes deteriorates upon taking damage. [mutagenic meat]
 34002 | Vaults:2 | Gained mutation: You are frail (-10% HP). [mutagenic meat]
 34088 | Vaults:2 | Reached skill level 21 in Unarmed Combat
 34142 | Vaults:2 | Gained mutation: You have a pair of small antennae on your head. [mutagenic meat]
 34143 | Vaults:2 | Gained mutation: You passively map a small area around you. [mutagenic meat]
 34146 | Vaults:2 | Lost mutation: Your body sometimes deteriorates upon taking damage. [mutagenic meat]
 34147 | Vaults:2 | Gained mutation: Your flesh is cold resistant. [mutagenic meat]
 34151 | Vaults:2 | Lost mutation: Your flesh is heat resistant. [mutagenic meat]
 34155 | Vaults:2 | Lost mutation: Your mind is acute. (Int +2) [mutagenic meat]
 34234 | Vaults:2 | Gained mutation: Your body sometimes deteriorates upon taking damage. [mutagenic meat]
 34236 | Vaults:2 | Gained mutation: You have a pair of antennae on your head. [mutagenic meat]
 34237 | Vaults:2 | Lost mutation: Your spells are harder to cast, but more powerful. [mutagenic meat]
 34572 | Vaults:2 | Noticed a lich
 34594 | Vaults:2 | Killed a lich
 34607 | Vaults:2 | Found a staircase to the Crypt.
 34693 | Vaults:1 | Reached XP level 20. HP: 100/100 MP: 21/21
 34855 | Vaults:3 | Lost mutation: Your body sometimes deteriorates upon taking damage. [mutagenic meat]
 34857 | Vaults:3 | Gained mutation: You are partially covered in icy blue scales (AC +1). [mutagenic meat]
 34859 | Vaults:3 | Gained mutation: You are very frail (-20% HP). [mutagenic meat]
 34885 | Vaults:3 | Lost mutation: Your muscles are strong. (Str +2) [mutagenic meat]
 34887 | Vaults:3 | Lost mutation: You possess an exceptional clarity of mind. [mutagenic meat]
 34888 | Vaults:3 | Lost mutation: Your flesh is cold resistant. [mutagenic meat]
 35228 | Vaults:3 | Hit by a large rock thrown by a stone giant

Vault maps used:
D:1:      ncdulo_lavacross, kennysheep_boxes
D:2:      bloody_makhleb, lemuel_round_altar, first_bread, uniq_terence
D:3:      uniq_grinder
D:5:      kennysheep_ying_yang, fedhas_altar_3, kennysheep_okawaru_gauntlet,
          nicolae_overflow_crystal_walls, minmay_temple_entry_overgrown,
          serial_shops, nicolae_shop_competitors_out_of_business, uniq_duvessa
D:6:      vehumet_statue, uniq_menkaure, uniq_blork_the_orc
D:7:      the_bakery, uniq_crazy_yiuf_cottage
D:9:      minmay_lair_entry_lava
D:10:     erik_orc_4, lightli_orcish_oven
D:13:     grunt_vaults_entry_tiered, lab_entry_generic, uniq_urug
D:14:     minmay_fountain_box
D:15:     gammafunk_enter_depths_forms, columned_hall_lemuel, uniq_rupert
Temple:   circular_temple_pool_12
Lair:1:   cheibrodos_lair_caveside_slide, beast_lair_carwin_7,
          lemuel_fruit_fields, bh_autumn_forest_stairs
Lair:2:   beast_lair_carwin_8, grunt_megastairs_1, uniq_gastronok
Lair:4:   minmay_swamp_entry_worms
Lair:5:   spider_nest_entry_web_field, portal_ice_cave_entry_pillars_01,
          nicolae_lair_grove_arrangements, beast_lair_carwin_1,
          infiniplex_staircase_pool, grunt_megastairs_4
Lair:6:   dpeg_slime_entry_corner, uniq_maud, uniq_nessos
Lair:8:   evil_forest, enter_volcano_3, grunt_megastairs_5
Swamp:1:  hangedman_swamp_ruin_wall, swamp_pool2
Swamp:2:  cheibrodos_swamp_heart_of_darkness, nicolae_swamp_stair_fork,
          nicolae_swamp_feature_on_the_river_bank
Swamp:3:  nicolae_swamp_fairy_circle
Swamp:4:  swamp_vile, swamp_pool4, nicolae_swamp_little_tower
Spider:1: uniq_roxanne
Spider:3: guppyfry_spider_mini_3, uniq_azrael
Spider:4: spider_rune_water
Orc:1:    serial_shops, kennysheep_orc_chapel
Orc:2:    st_orc_elflike
Vaults:1: hangedman_vaults_stagger, nicolae_vaults_mini_display_case,
          nicolae_vaults_little_squares_4, hangedman_vaults_corner_blocks,
          vaults_room_hallway, v_misc_10, nicolae_vaults_angled_halls,
          nicolae_vaults_diagonal_hallway_6, uniq_nikola, uniq_aizul
Vaults:2: vaults_mumra_minichess, serial_ice_b, nicolae_vaults_little_squares_3,
          nicolae_vaults_little_squares_2, hangedman_vaults_nodes,
          hangedman_vaults_nails, nicolae_vaults_little_squares_2,
          hangedman_vaults_maws, v_misc_9, nicolae_vaults_ring_of_whatevers,
          minmay_crypt_entry_nasty_monster, nicolae_vaults_rhombus_6
Vaults:3: ontoclasm_vaults_pinch, nicolae_vaults_arrows, vaults_dpeg_diagonal,
          ontoclasm_vaults_fault, ontoclasm_vaults_bender, v_misc_15,
          vaults_dpeg_encased_lava, v_alt_pattern_1, v_alt_pattern_5,
          v_pattern_1, serial_shops, nicolae_shop_trees
Lab:      labyrinth_hidden_loot, labyrinth_skeletal_remains, lab_hedge,
          nicolae_lab_x
IceCv:    ice_cave_caverns_01
Volcano:  volcano_lake

Action                   |  1- 3 |  4- 6 |  7- 9 | 10-12 | 13-15 | 16-18 | 19-21 || total
-------------------------+-------+-------+-------+-------+-------+-------+-------++-------
Melee: Unarmed           |    77 |   138 |   287 |   681 |  1435 |  1530 |   556 ||  4704
Invok: Sacrifice Drink   |       |       |     1 |       |       |       |       ||     1
       Reject Sacrifices |       |       |     1 |       |       |       |       ||     1
       Sacrifice Love    |       |       |       |     1 |       |       |       ||     1
       Sacrifice Artific |       |       |       |     1 |       |       |       ||     1
       Sacrifice Arcana  |       |       |       |     1 |       |       |       ||     1
       Sacrifice Stealth |       |       |       |       |     1 |       |       ||     1
       Draw Out Power    |       |       |       |       |     2 |     4 |     1 ||     7
       Power Leap        |       |       |       |       |     1 |     6 |       ||     7
       Apocalypse        |       |       |       |       |       |     3 |     3 ||     6
Evoke: Rod               |       |       |    13 |       |       |       |       ||    13
  Use: Scroll            |       |       |    12 |     3 |    12 |    12 |       ||    39
       Potion            |       |       |     1 |       |       |     1 |       ||     2
 Stab: Sleeping          |     3 |     4 |     7 |       |       |       |       ||    14
       Distracted        |       |     1 |     1 |     2 |     6 |     7 |     4 ||    21
       Invisible         |       |       |       |     8 |    10 |    24 |     5 ||    47
       Petrifying        |       |       |       |     1 |       |       |       ||     1
       Petrified         |       |       |       |     1 |       |       |       ||     1
       Paralysed         |       |       |       |       |    15 |     2 |     1 ||    18
  Eat: Meat ration       |     1 |       |     1 |     2 |     3 |     3 |     2 ||    12
       Bread ration      |       |       |     4 |       |     2 |     3 |       ||     9
       Royal jelly       |       |       |       |     1 |     1 |     1 |       ||     3
       Beef jerky        |       |       |       |     1 |     4 |     1 |       ||     6
       Chunk             |       |       |       |     4 |    19 |    29 |    52 ||   104
       Pizza             |       |       |       |       |     1 |     3 |     1 ||     5
       Fruit             |       |       |       |       |       |     2 |       ||     2
